 Dungeon Sprint DCSS version 0.24-a0-537-g2d01d4a (webtiles) character file.

Game seed: 5126141136254097235

256 Faca the Fighter (level 6, 0/60 HPs)
             Began as a Formicid Fighter on Aug 13, 2019.
             Was a Follower of the Shining One.
             Slain by a centaur (3 damage)
             ... in the Dungeon (Sprint IX: "|||||||||||||||||||||||||||||").
             The game lasted 00:01:01 (140 turns).

Faca the Fighter (Formicid Fighter)                  Turns: 140, Time: 00:01:02

Health: 0/60       AC: 11    Str: 22    XL:     6   Next: 38%
Magic:  6/6        EV:  6    Int: 11    God:    the Shining One [*.....]
Gold:   0          SH:  9    Dex: 13    Spells: 5/5 levels left

rFire    . . .     SeeInvis +   q - +0 lajatang
rCold    . . .     Gourm    .   c - +0 shield
rNeg     . . .     Faith    .   s - +1 chain mail
rPois    .         Spirit   .   (helmet unavailable)
rElec    .         Reflect  .   (no cloak)
rCorr    .         Harm     .   (no gloves)
MR       .....                  r - +0 pair of boots
Stlth    ..........             (no amulet)
HPRegen  0.20/turn              t - +3 ring of dexterity
MPRegen  0.10/turn              u - +3 ring of intelligence

@: glowing
A: permanent stasis, dig shafts and tunnels, four strong arms, antennae 3
a: Dig, Renounce Religion


You were in the Dungeon.
You worshipped the Shining One.
The Shining One was aware of your devotion.
You were not hungry.

You visited 1 branch

Inventory:

Hand Weapons
 p - a +2 dire flail of protection
 q - a +0 lajatang (weapon)
Armour
 c - a +0 shield (worn)
 r - a +0 pair of boots (worn)
 s - a +1 chain mail (worn)
Jewellery
 t - a +3 ring of dexterity (left hand)
 u - a +3 ring of intelligence (right hand)
Wands
 o - a wand of acid (10)
Scrolls
 k - 2 scrolls of blinking
 m - 3 scrolls of remove curse
 n - 2 scrolls of amnesia
Potions
 d - a potion of might
 e - 5 potions of curing
 g - 3 potions of heal wounds
 h - a potion of haste
 i - 4 potions of magic
 j - a potion of berserk rage
 l - a potion of invisibility
Comestibles
 f - a ration


   Skills:
 + Level 10.0 Fighting
 + Level 9.0 Staves
 - Level 3.2 Armour
 - Level 3.6 Shields


You had 5 spell levels left.
You didn't know any spells.
Your spell library was empty.

Dungeon Overview and Level Annotations

Branches:
Dungeon (1/1)

Altars:
Cheibriados
Dithmenos
Elyvilon
Fedhas
Gozag
Hepliaklqana
Kikubaaqudgha
Makhleb
Nemelex Xobeh
Okawaru
Qazlal
Ru
Sif Muna
Trog
Uskayaw
Vehumet
Wu Jian
Xom
Yredelemnul
Zin
The Shining One
Beogh
Jiyva
Lugonu


Innate Abilities, Weirdness & Mutations

You cannot be hasted, slowed, berserked, paralysed or teleported.
You can dig through walls and to a lower floor.
Your four strong arms can wield two-handed weapons with a shield.
You have a pair of large antennae on your head. (SInv)


Message History

The troll bites you.
* * * LOW HITPOINT WARNING * * *
The troll claws you.
* * * LOW HITPOINT WARNING * * *
The troll claws you but does no damage.
You slice the troll!!
You kill the troll!
The troll leather armour is intact enough to wear.
Your Fighting skill gained 4 levels and is now at level 10!
Your Staves skill gained 5 levels and is now at level 9!
You have reached level 4!
You feel clever.
You have reached level 5!
You have reached level 6!
Your experience leads to an increase in your attributes!
Your base attributes are Str 21, Int 8, Dex 10.
Increase (S)trength, (I)ntelligence, or (D)exterity?
You feel stronger. The centaur hits you.
You die... { { {{{{{{{{ {{{{{{{ ▓▓▓▓▓▓▓▓▓▓▓▓▓▓▓▓▓▓▓▓▓▓▓▓ ..YZ.Oc@).[.)|..'_______ ▓▓▓▓▓▓▓▓▓▓▓▓▓▓▓▓▓▓▓▓▓▓▓▓

You could see an ice beast, an ogre, a centaur and a leopard gecko zombie.

Vanquished Creatures
  A troll (D)
  An orc wizard (D)
  An adder zombie (D)
  A leopard gecko (D)
  2 bat zombies (D)
  2 goblins (D)
  A quokka (D)
  A kobold (D)
  A leopard gecko skeleton (D)
  A rat (D)
12 creatures vanquished.

Notes
Turn   | Place    | Note
-------+----------+-------------------------------------------
     0 | D        | Faca the Formicid Fighter began the quest for the Orb.
     0 | D        | Reached XP level 1. HP: 18/18 MP: 1/1
    14 | D        | Reached skill level 4 in Fighting
    22 | D        | Reached XP level 2. HP: 26/26 MP: 2/2
    41 | D        | Reached skill level 5 in Fighting
    51 | D        | Found a roughly hewn altar of Beogh.
    51 | D        | Found a snail-covered altar of Cheibriados.
    51 | D        | Found a shadowy altar of Dithmenos.
    51 | D        | Found a white marble altar of Elyvilon.
    51 | D        | Found a blossoming altar of Fedhas.
    51 | D        | Found an opulent altar of Gozag.
    52 | D        | Found a hazy altar of Hepliaklqana.
    53 | D        | Found a viscous altar of Jiyva.
    54 | D        | Found an ancient bone altar of Kikubaaqudgha.
    55 | D        | Found a corrupted altar of Lugonu.
    56 | D        | Found a burning altar of Makhleb.
    57 | D        | Found a sparkling altar of Nemelex Xobeh.
    58 | D        | Found an iron altar of Okawaru.
    59 | D        | Found a stormy altar of Qazlal.
    60 | D        | Found a sacrificial altar of Ru.
    61 | D        | Found a shimmering blue altar of Sif Muna.
    62 | D        | Found a bloodstained altar of Trog.
    63 | D        | Found a hide-covered altar of Uskayaw.
    64 | D        | Found a radiant altar of Vehumet.
    65 | D        | Found an ornate altar of the Wu Jian Council.
    66 | D        | Found a shimmering altar of Xom.
    67 | D        | Found a basalt altar of Yredelemnul.
    68 | D        | Found a glowing silver altar of Zin.
    69 | D        | Found a glowing golden altar of the Shining One.
    89 | D        | Became a worshipper of the Shining One
   127 | D        | Noticed an ice beast
   127 | D        | Noticed an ogre
   127 | D        | Reached * piety under the Shining One
   127 | D        | Noticed a centaur
   127 | D        | Noticed a troll
   131 | D        | Reached skill level 6 in Fighting
   131 | D        | Reached XP level 3. HP: 34/34 MP: 3/3
   139 | D        | HP: 1/34 [troll (3)]
   140 | D        | Killed a troll
   140 | D        | Reached skill level 10 in Fighting
   140 | D        | Reached XP level 4. HP: 2/47 MP: 4/4
   140 | D        | Reached XP level 5. HP: 3/53 MP: 5/5
   140 | D        | Reached XP level 6. HP: 3/60 MP: 6/6
   140 | D        | Slain by a centaur

Levels and vault maps discovered:
D:        linesprint [early_d, line_temple, items_1, d_10, items_2, lair_1,
          lair_end, items_3, orc_1, orc_end, items_4, d_15, swamp_1, shoals_1,
          snake_1, spider_1, d_20, vaults_1, items_5, swamp_end, shoals_end,
          snake_end, spider_end, vaults_end, d_27, items_6, zot_1, zot_end,
          crypt_end, forest_end, elf_end, slime_end, tomb_end, abyss_end,
          pan_hell_end]

Skill      XL: |  1  2  3 |
---------------+----------+-----
Fighting       | 4 6 10 | 10.0
Staves         | 3 4 9 |  9.0
Armour         | |  3.2
Shields        | |  3.6

Action                   |  1- 3 |  4- 6 || total
-------------------------+-------+-------++-------
Melee: Quarterstaff      |    34 |       ||    34
       Lajatang          |    13 |       ||    13
Armor: Scale mail        |    16 |       ||    16
       Chain mail        |    11 |       ||    11
Dodge: Dodged            |    15 |       ||    15
Block: Shield            |    22 |       ||    22

Table legend:
 A = Non-vault XP
 B = Vault XP
 C = Vault XP percentage of total XP
 D = Non-vault monster count
 E = Vault monster count
 F = Vault count percentage of total count
                 A         B        C        D         E       F
            +---------+---------+-------+---------+---------+-------
      Total |       0 |     366 | 100.0 |       0 |      12 | 100.0
            +---------+---------+-------+---------+---------+-------
          D |       0 |     366 | 100.0 |       0 |      12 | 100.0
            +---------+---------+-------+---------+---------+-------
